 Dungeon Crawl Stone Soup version 0.32-a0-675-gdc239d62e1 (webtiles) character file.

Game seed: 16126387052912179751

35 AeshMezareph the Changeling (level 3, 16/27 HPs)
             Began as a Merfolk Shapeshifter on Mar 11, 2024.
             Quit the game on level 2 of the Dungeon.
             The game lasted 00:02:52 (1032 turns).

AeshMezareph the Changeling (Merfolk Shapeshifter)  Turns: 1032, Time: 00:02:52

Health: 16/27      AC:  3    Str: 16    XL:     3   Next: 33%
Magic:  3/3        EV: 12    Int:  9    God:
Gold:   36         SH:  0    Dex: 13    Spells: 2/2 levels left

rFire   . .          .
                       - Unarmed
rCold   . . .        (no shield)
rNeg    . . .        g - +0 leather armour
rPois   .            (helmet currently unavailable)
rElec   .            (cloak currently unavailable)
rCorr   .            (gloves currently unavailable)
SInv    .            (boots currently unavailable)
Will    .....        (no amulet)
Stlth   +            (no ring)
HPRegen 0.24/turn    (no ring)
MPRegen 0.08/turn

%: no passive effects
@: beast-form
A: beast (slay +2), (nimble swimmer 2), mertail
a: Begin Untransformation


You were on level 2 of the Dungeon.
You were a hulking beast.
You visited 1 branch of the dungeon, and saw 2 of its levels.

You collected 36 gold pieces.

Inventory:

Armour
 a - a +0 animal skin
 g - a +0 leather armour (worn)
Talismans
 c - a beast talisman (active)
 d - a flux talisman
Scrolls
 e - a scroll of teleportation {unknown}
Potions
 b - a potion of lignification
 f - 2 potions of curing {unknown}


   Skills:
 + Level 1.9 Fighting
 + Level 3.4 Dodging
 + Level 3.6 Unarmed Combat
 + Level 4.4 Shapeshifting


You had 2 spell levels left.
You didn't know any spells.
Your spell library was empty.

Dungeon Overview and Level Annotations

Branches:
Dungeon (2/15)

Altars:


Innate Abilities, Weirdness & Mutations

You are a hulking beast.
Your limbs bulge with bestial killing power. (Slay +2)
((You are very nimble when in or above water. (Stealth+, EV+, Speed+++)))
Your lower body shifts to a powerful aquatic tail in water.


Message History

You hit the jackal.
The jackal is almost dead.
The jackal closely misses you. The jackal bites you.
You barely miss the jackal.
The jackal is almost dead.
The jackal bites you. The jackal barely misses you.
The jackal bites you but does no damage.
The jackal bites you.
You closely miss the jackal.
The jackal is almost dead.
The jackal barely misses you. The jackal bites you.
You closely miss the jackal.
The jackal is almost dead.
The jackal closely misses you. x2
You hit the jackal but do no damage. Your punch misses the jackal.
The jackal is almost dead.
The jackal bites you but does no damage.
The jackal bites you. The jackal closely misses you. The jackal bites you.
Unknown command.
You barely miss the jackal. The jackal closely misses you.
Unknown command.
You hit the jackal.
The jackal is almost dead.
The jackal closely misses you. x2
Unknown command.
You hit the jackal.
You kill the jackal!
The jackal bites you but does no damage.
Unknown command.
You completely miss the jackal.
The jackal is almost dead.
The jackal barely misses you.
Unknown command.
You closely miss the jackal.
The jackal is almost dead.
The jackal closely misses you.
Unknown command.
Unknown command.
Are you sure you want to abandon this character and quit the game? (Confirm with "yes".)

#.#.##.##......# #....#
#.......#>.....# #...##
#.##.#..#..<...###.....
#.##.#..#......#.##....
#.......#............##
#..####.#......#.#####
#...........####.#
##.#.######### #.#
#.#..hh.....# #.#
#.#.###..##.# #.# #.#.#
..... ..# #.#.. .....#
### #<.>. ..#..# ###.#
..#..# #.. ... .# ##
##. #


You could see a jackal.

Vanquished Creatures
  4 bats (D:1)
  2 endoplasms (D:1)
  3 goblins (D:1)
  4 hobgoblins (D:1)
  7 jackals
  4 kobolds (D:1)
  2 quokkas (D:1)
  A frilled lizard (D:1)
  2 rats (D:1)
29 creatures vanquished.

Notes
Turn   | Place    | Note
-------+----------+-------------------------------------------
     0 | D:1      | AeshMezareph the Merfolk Shapeshifter began the quest for
                  | the Orb.
     0 | D:1      | Reached XP level 1. HP: 15/15 MP: 1/1
    86 | D:1      | Reached XP level 2. HP: 21/21 MP: 2/2
   539 | D:1      | Reached XP level 3. HP: 24/27 MP: 3/3
  1032 | D:2      | Quit the game

Illustrated notes

Levels and vault maps discovered:
D:1:      matt_arrival_diagonals, layout_basic
D:2:      layout_loops_cross

Skill      XL: |  1 |
---------------+----+-----
Dodging        | 3 |  3.4
Fighting       | |  1.9
Unarmed Combat | |  3.6
Shapeshifting  | |  4.4

Action                     || total
---------------------------++-------
  Melee: Unarmed           ||   107
 Armour: Animal skin       ||    22
         Leather armour    ||    35
  Dodge: Dodged            ||    79

Table legend: (Time is in decaauts)
 A = Elapsed time spent in this place.
 B = Non-inter-level travel time spent in this place.
 C = Inter-level travel time spent in this place.
 D = Time resting spent in this place.
 E = Time spent auto-exploring this place.
 F = Levels seen in this place.
 G = Mean time per level.
                   A        B        C        D        E       F      G
               +--------+--------+--------+--------+--------+-----+--------+
         Total |   1025 |    982 |     43 |      0 |    745 |   2 |  512.5 |
       Dungeon |   1025 |    982 |     43 |      0 |    745 |   2 |  512.5 |
               +--------+--------+--------+--------+--------+-----+--------+

Top non-repeatable levels by time:
     D:1: 930 daAuts
     D:2: 94 daAuts
